 Dungeon Crawl Stone Soup version 0.32-a0-814-g0968bab981 (webtiles) character file.

Game seed: 4983579102600646253

676 NinjaNoafa the Gusty (level 7, -2/59 HPs)
             Began as an Oni Air Elementalist on Mar 22, 2024.
             Was a Priest of Kikubaaqudgha.
             Slain by a yak (14 damage)
             ... on level 4 of the Dungeon.
             The game lasted 00:13:23 (4219 turns).

NinjaNoafa the Gusty (Oni Air Elementalist)         Turns: 4219, Time: 00:13:24

Health: -2/59      AC:  4    Str: 17    XL:     7   Next: 60%
Magic:  5/13       EV: 13    Int: 17    God:    Kikubaaqudgha [***...]
Gold:   92         SH:  0    Dex:  8    Spells: 4/14 levels left

rFire   . . .        a - +8 trident "Wuisheni" {venom, rElec rN+}
rCold   + . .        (no shield)
rNeg    + . .        d - +0 robe
rPois   +            (helmet restricted)
rElec   +            e - +0 cloak
rCorr   .            (gloves unavailable)
SInv    .            (boots unavailable)
Will    .....        y - amulet of faith
Stlth   +            l - +5 ring of evasion
HPRegen 0.29/turn    k - ring of poison resistance
MPRegen 0.13/turn

%: clarity, faith
@: unswift, fugue, very slow
A: large, unfitting armour, horns 1, tough skin 1, double potion healing,
drunken brawling, clarity, cold resistance 1, strong 1, inability to drink after
injury 1
a: Renounce Religion, Unearth Wretches


You were on level 4 of the Dungeon.
You worshipped Kikubaaqudgha.
Kikubaaqudgha was most pleased with you.
You visited 1 branch of the dungeon, and saw 5 of its levels.
You also visited: Sewer.

You collected 267 gold pieces.
You spent 175 gold pieces at shops.

Inventory:

Hand Weapons
 a - the +8 trident "Wuisheni" (weapon) {venom, rElec rN+}
   (You found it on level 4 of the Dungeon)

   rElec:     It insulates you from electricity.
   rN+:       It protects you from negative energy.
 b - a +0 short sword
 c - a +0 whip of flaming
Missiles
 g - 2 boomerangs
 n - 6 large rocks
Armour
 d - a +0 robe (worn)
 e - a +0 cloak (worn)
Jewellery
 k - a ring of poison resistance (right hand)
 l - a +5 ring of evasion (left hand)
 y - an amulet of faith (around neck)
Wands
 o - a wand of charming (8)
Scrolls
 h - a scroll of amnesia {unknown}
 p - 2 scrolls of brand weapon
 q - 2 scrolls of blinking
 r - a scroll of poison
 t - a scroll of fog
 u - a scroll of fear {unknown}
 w - a scroll of teleportation
 x - a scroll of silence
Potions
 f - a potion of magic
 i - a potion of might
 m - 3 potions of brilliance
 s - 2 potions of enlightenment
 v - a potion of degeneration


   Skills:
 + Level 1.1 Polearms
 - Level 1.7 Dodging
 - Level 1.4 Stealth
 - Level 4.0 Spellcasting
 - Level 3.5 Conjurations
 + Level 4.1 Necromancy
 - Level 4.4 Air Magic


You had 4 spell levels left.
You knew the following spells:

 Your Spells              Type           Power      Damage    Failure   Level
a - Shock                 Conj/Air       68%        1d7       3%          1
b - Static Discharge      Conj/Air       34%        3-5/arc   4%          2
c - Necrotise             Necr           68%        1d7       2%          1
d - Swiftness             Air            18%        N/A       8%          3
e - Fugue of the Fallen   Necr           17%        N/A       9%          3

Your spell library contained the following spells:

 Spells                   Type           Power      Damage    Failure   Level
 Sublimation of Blood     Necr           17%        N/A       4%          2
 Sting                    Conj/Alch      36%        1d5       8%          1
 Cigotuvi's Dreadful Rot  Necr/Alch/Air  26%        N/A       8%          2
 Apportation              Tloc           6%         N/A       16%         1
 Summon Small Mammal      Summ           12%        N/A       16%         1
 Jinxbite                 Hex            6%         N/A       24%         2
 Airstrike                Air            9%         2d(2-18)  26%         4
 Gell's Gravitas          Tloc           3%         N/A       43%         3
 Teleport Other           Tloc           3%         N/A       43%         3
 Anguish                  Hex/Necr       5%         N/A       54%         4
 Martyr's Knell           Necr/Summ      10%        N/A       54%         4
 Curse of Agony           Necr           17%        N/A       61%         5
 Borgnjor's Vile Clutch   Necr/Erth      5%         N/A       88%         5
 Alistair's Intoxication  Alch           2%         N/A       99%         5
 Dispersal                Tloc           1%         N/A       100%        6


Dungeon Overview and Level Annotations

Branches:
Dungeon (5/15) Zot: 26523  Temple (0/1) D:5           Sewer (visited)

Altars:
Kikubaaqudgha
Nemelex Xobeh

Shops:
D:4 :?*

Annotations:
D:3 1 runed translucent door, tweeg707's ghost, amateur MDFi


Innate Abilities, Weirdness & Mutations

You are too large for most types of armour.
You have a pair of small horns on your head.
You have tough skin. (AC +1)
You gain doubled healing and magic from potions.
Whenever you drink a healing potion, you attack all around you.
You possess an exceptional clarity of mind.
Your flesh is cold resistant. (rC+)
Your muscles are strong. (Str +4, Int/Dex -1)
You occasionally lose the ability to drink potions when taking damage.


Message History

You now have 92 gold pieces (gained 20).
There is a stone staircase leading down here.
h - a scroll labelled JOFAAQI HUTZUNK A yak comes into view.
The yak bellows!
Okay, then.
A yak comes into view. x2
Casting: Fugue of the Fallen (dangerous; 9% risk of failure)
You feel quick.
The yak bellows!
You hear a bellow!
A yak comes into view.
You now have 10/13 mp.
The yak bellows!
There is a stone staircase leading up here.
The yak gores you! x2
You climb upwards.
You start to feel a little slower.
There is a stone staircase leading down, spattered with blood here.
You see here an adder corpse.
You take 18 damage, and have 41/59 hp.
MASSIVE DAMAGE!!
The yak attacks as it pursues you! The yak misses you.
Casting: Swiftness (dangerous; 8% risk of failure)
You call out to the remnants of the fallen!
The yak gores you!
* * * LOW HITPOINT WARNING * * *
You take 16 damage, and have 25/59 hp.
MASSIVE DAMAGE!!
You now have 8/13 mp.
Casting: Fugue of the Fallen (dangerous; 9% risk of failure)
You can't see any susceptible monsters within range! (Use Z to cast anyway.)
Casting: Fugue of the Fallen (dangerous; 9% risk of failure)
The yak is struck by an arc of lightning. x2
The lightning grounds out.
You feel sluggish.
You now have 7/13 mp.
Casting: Static Discharge (safe; 4% risk of failure)
The yak is struck by an arc of lightning. x2
The lightning grounds out.
The yak gores you!
* * * LOW HITPOINT WARNING * * *
The yak gores you!
You die...
Kikubaaqudgha rasps: You have failed me!
Welcome... death!

#....#.....#########...####
#.#####)#.......##........#
#.# #)........##........#
..# #(∩.#.....##........#
.### #.........##.......<#
...####.#.......##........#
.....##.........##........#
...#.............#.>......#
...####.........@#........#
#### #.........YY........#
############........#
##########


You could see 2 yaks.

Vanquished Creatures
  An ogre (D:3)
  A centaur (D:4)
  A scorpion (D:3)
  A brain worm (Sewer)
  A bombardier beetle (D:4)
  An orc priest (D:3)
  Terence (D:2)
  2 iguanas
  3 orc wizards
  5 adders
  2 river rats (Sewer)
  2 dart slugs (D:4)
  3 ribbon worms
  5 orcs
  9 bats
  An endoplasm (D:3)
  5 giant cockroaches
  7 hobgoblins
  6 jackals
  6 quokkas
  10 ball pythons
  3 frilled lizards (D:1)
  14 goblins
  7 kobolds
  4 rats
101 creatures vanquished.

Vanquished Creatures (collateral kills)
  A giant cockroach (Sewer)
  2 frilled lizards (Sewer)
3 creatures vanquished.

Grand Total: 104 creatures vanquished

Notes
Turn   | Place    | Note
-------+----------+-------------------------------------------
     0 | D:1      | NinjaNoafa the Oni Air Elementalist began the quest for the
                  | Orb.
     0 | D:1      | Reached XP level 1. HP: 16/16 MP: 3/3
    22 | D:1      | Reached skill level 1 in Conjurations
   292 | D:1      | Found a faded altar of an unknown god.
   485 | D:1      | Reached XP level 2. HP: 18/24 MP: 3/5
  1113 | D:1      | Prayed at the altar of an unknown god.
  1113 | D:1      | Became a worshipper of Kikubaaqudgha
  1113 | D:1      | Reached * piety under Kikubaaqudgha
  1113 | D:1      | Received a gift from Kikubaaqudgha
  1161 | D:2      | Reached XP level 3. HP: 31/31 MP: 5/8
  1180 | D:2      | Noticed Terence
  1188 | D:2      | Killed Terence
  1515 | D:2      | Reached XP level 4. HP: 39/39 MP: 5/10
  1870 | D:3      | Found a runed translucent door.
  1871 | D:3      | Noticed tweeg707's ghost (amateur MDFi)
  1943 | D:3      | Reached skill level 1 in Necromancy
  2042 | D:2      | Learned a level 2 spell: Static Discharge
  2051 | D:3      | Reached XP level 5. HP: 15/45 MP: 6/11
  2220 | D:3      | Learned a level 1 spell: Necrotise
  2269 | D:3      | Reached ** piety under Kikubaaqudgha
  2270 | D:3      | Reached XP level 6. HP: 48/53 MP: 5/12
  2833 | D:4      | Found a glowing drain.
  2853 | Sewer    | Entered a sewer
  3069 | Sewer    | Reached XP level 7. HP: 53/59 MP: 5/13
  3642 | D:4      | Learned a level 3 spell: Swiftness
  3646 | D:4      | Learned a level 3 spell: Fugue of the Fallen
  3684 | D:4      | Found Jaoh Pic's General Store.
  3686 | D:4      | Found Fogi's Magic Scroll Boutique.
  3704 | D:4      | Gained mutation: Your flesh is cold resistant. (rC+)
                  | [potion of mutation]
  3704 | D:4      | Gained mutation: Your muscles are strong. (Str +4, Int/Dex
                  | -1) [potion of mutation]
  3704 | D:4      | Gained mutation: You occasionally lose the ability to drink
                  | potions when taking damage. [potion of mutation]
  3704 | D:4      | Gained mutation: You possess an exceptional clarity of
                  | mind. [potion of mutation]
  3706 | D:4      | Reached *** piety under Kikubaaqudgha
  3706 | D:4      | Received a gift from Kikubaaqudgha
  3800 | D:4      | Bought a scroll of identify for 26 gold pieces
  3800 | D:4      | Bought a scroll of identify for 26 gold pieces
  3800 | D:4      | Bought a scroll of identify for 26 gold pieces
  3800 | D:4      | Bought a scroll of blinking for 97 gold pieces
  3827 | D:4      | Identified the +8 trident "Wuisheni" {venom, rElec rN+}
  3938 | D:4      | Found Fiabosm's Book Emporium.
  4013 | D:4      | Found a sparkling altar of Nemelex Xobeh.
  4130 | D:5      | Entered Level 5 of the Dungeon
  4143 | D:5      | Reached skill level 1 in Polearms
  4152 | D:5      | Found a staircase to the Ecumenical Temple.
  4197 | D:5      | Noticed a yak
  4198 | D:5      | Noticed a yak
  4198 | D:5      | Noticed a yak
  4200 | D:5      | Noticed a yak
  4219 | D:4      | Slain by a yak

Illustrated notes

Levels and vault maps discovered:
D:1:      minmay_arrival_plants_in_alcoves, layout_basic,
          shapermc_ecumenical_altar_ellora
D:2:      layout_basic, uniq_terence
D:3:      layout_loops_ring, hellmonk_ghost_happy_afterlife, st_stairs_14,
          minmay_ogre_servants
D:4:      layout_rooms, nemelex_diamond_rough_becter, portal_sewer_entry_f,
          serial_shops, nicolae_shop_stone, shop, shop
D:5:      layout_basic, nicolae_ru_sacrificial_ziggurat,
          minmay_temple_entry_wispy, serial_corexii_hall,
          corexii_hall_statues_u, corexii_hall_statues_x, corexii_hall_statues_s

Skill      XL: |  1  2  3  4  5  6  7 |
---------------+----------------------+-----
Conjurations   | 1 2 3 |  3.5
Spellcasting   | 3 4 |  4.0
Air Magic      | 3 4 |  4.4
Necromancy     | 1 2 3 4 |  4.1
Polearms       | 1 |  1.1
Dodging        | |  1.7
Stealth        | |  1.4

Action                     |  1- 3 |  4- 6 |  7- 9 || total
---------------------------+-------+-------+-------++-------
  Melee: Dagger            |     8 |       |       ||     8
         Unarmed           |     6 |       |       ||     6
         Short sword       |     5 |       |       ||     5
         Headbutt          |     2 |     5 |     3 ||    10
         Whip              |     1 |    30 |    15 ||    46
         Trident           |       |       |     8 ||     8
   Cast: Shock             |    53 |    66 |    18 ||   137
         Static Discharge  |       |    12 |     8 ||    20
         Necrotise         |       |    11 |    16 ||    27
         Fugue of the Fall |       |       |     3 ||     3
         Swiftness         |       |       |     2 ||     2
    Use: Scroll            |       |     3 |     5 ||     8
         Potion            |       |     2 |     1 ||     3
 Armour: Robe              |    27 |    65 |    34 ||   126
  Dodge: Dodged            |     6 |    65 |    34 ||   105

Table legend: (Time is in decaauts)
 A = Elapsed time spent in this place.
 B = Non-inter-level travel time spent in this place.
 C = Inter-level travel time spent in this place.
 D = Time resting spent in this place.
 E = Time spent auto-exploring this place.
 F = Levels seen in this place.
 G = Mean time per level.
                   A        B        C        D        E       F      G
               +--------+--------+--------+--------+--------+-----+--------+
         Total |   4223 |   3910 |    313 |    371 |   2676 |   6 |  703.8 |
       Dungeon |   3475 |   3162 |    313 |    258 |   2252 |   5 |  695.0 |
         Sewer |    747 |    747 |      0 |    113 |    424 |   1 |  747.0 |
               +--------+--------+--------+--------+--------+-----+--------+

Top non-repeatable levels by time:
     D:1: 1083 daAuts
     D:3: 989 daAuts
   Sewer: 747 daAuts
     D:2: 719 daAuts
     D:4: 603 daAuts
     D:5: 80 daAuts
